AoeStats
← SuperZèbre

Arena

510484769Analyzed
1v1 RM · 24h ago on Oct 1, 2026· 77m 29s· 2 players
Game mode
Random Map
Map size
Tiny (2 player)
Population
200
Speed
Normal
Resources
Standard
Victory
Conquest
Starting age
Dark Age
Ending age
Imperial Age
RankedLock teamsTeams togetherTeam positionsShared explorationLock speedFull tech treeHidden civsTurbo modeCheats
Victory
Defeat
🇩🇪 Teutons · Germany
573
+20
🇧🇪 Dravidians · Belgium
666
-20
Wexor
5:58 Loom
12:30 Feudal Age
13:00 Horse Collar
17:39 Castle Age
15:40 Double-Bit Axe
16:16 Gold Mining
17:20 Stone Mining
19:27 Heavy Plow
20:37 Bow Saw
21:17 Fervor
23:13 Ballistics
23:56 Fortified Wall
25:31 Wheelbarrow
28:28 Hand Cart
28:02 Town Watch
29:01 Fletching
29:53 Bodkin Arrow
35:22 Imperial Age
33:25 Pikeman
34:05 Squires
33:51 Arson
37:10 Chemistry
36:16 Siege Engineers
36:21 Masonry
36:27 Forging
36:37 Guilds
37:23 Crop Rotation
38:15 Stone Shaft Mining
38:06 Conscription
39:24 Crenellations
40:37 Hoardings
40:23 Ironclad
40:50 Iron Casting
40:41 Devotion
43:34 Blast Furnace
42:34 Scale Mail Armor
42:38 Padded Archer Armor
42:09 Halberdier
47:02 Sappers
48:40 Onager
49:57 Chain Mail Armor
49:57 Leather Archer Armor
49:54 Scale Barding Armor
51:08 Town Patrol
55:44 Plate Mail Armor
55:45 Ring Archer Armor
55:48 Elite Skirmisher
56:19 Siege Onager
60:43 Two-Man Saw
SuperZèbre
0:28 Loom
13:57 Feudal Age
19:45 Castle Age
18:01 Horse Collar
18:10 Double-Bit Axe
19:31 Gold Mining
21:42 Bow Saw
21:36 Heavy Plow
26:52 Forging
27:37 Arson
27:53 Squires
27:39 Gambesons
28:04 Padded Archer Armor
27:55 Fletching
29:23 Bodkin Arrow
29:45 Leather Archer Armor
31:36 Scale Mail Armor
32:12 Iron Casting
33:00 Husbandry
38:15 Imperial Age
36:17 Chain Mail Armor
36:08 Scale Barding Armor
37:47 Murder Holes
38:13 Ballistics
37:45 Heated Shot
37:57 Murder Holes
38:04 Pikeman
38:05 Man-at-Arms
39:18 Conscription
39:23 Wootz Steel
39:44 Plate Mail Armor
40:15 Blast Furnace
39:15 Bracer
40:25 Thumb Ring
41:42 Chemistry
41:34 Ring Archer Armor
40:45 Halberdier
42:38 Medical Corps
42:03 Elite Urumi Swordsman
42:55 Stone Mining
44:40 Elite Elephant Archer
47:16 Long Swordsman
47:50 Two-Handed Swordsman
48:40 Champion
49:29 Siege Elephant
55:31 Medical Corps
71:37 Guilds
Connection lost

Rejoining the realm…

Still unreachable

The connection could not be restored.

Session expired

The server has moved on; the page needs a fresh start.